 Dungeon Sprint DCSS version 0.30.0-5-g1a98f26d00 (webtiles) character file.

Game seed: 17180878517152425669

64103 Groucho the Spriggan Cataclysm (level 14, -14/84 HPs)
             Began as a Spriggan Hunter on May 8, 2023.
             Was a High Priest of Qazlal.
             Killed from afar by an orb of fire (28 damage)
             ... with a fireball
             ... in the Dungeon (Sprint VII: "The Pits").
             The game lasted 00:35:49 (13964 turns).

Groucho the Spriggan Cataclysm (Spriggan Hunter)   Turns: 13964, Time: 00:35:50

Health: -14/84     AC: 14    Str:  9    XL:     14   Next: 70%
Magic:  31/31      EV: 48    Int: 10    God:    Qazlal [*****.]
Gold:   46         SH: 12    Dex: 27    Spells: 13/13 levels left

rFire   + + .        C - +4 arbalest (freeze)
rCold   + . .        (shield currently unavailable)
rNeg    + + +        r - +2 acid dragon scales
rPois   .            (helmet restricted)
rElec   .            E - +1 cloak
rCorr   +            (gloves unavailable)
SInv    +            (boots unavailable)
Will    ++...        f - amulet "Xioxkiot" {Reflect rN++ Str+2 Dex+3 SH+5}
Stlth   ++           J - ring "Loypiun" {rF+ rN+ EV+6}
HPRegen 0.34/turn    D - ring of the Original Sin {rC+ rN+ Slay+5}
MPRegen 0.22/turn

%: no teleportation, repel missiles, reflection
@: protected from fire, studying Transmutations, very quick
A: very small, no large weapons, unfitting armour, see invisible, speed 3
a: Renounce Religion, Upheaval, Elemental Force, Disaster Area


You were in the Dungeon.
You worshipped Qazlal.
Qazlal was extremely pleased with you.
You visited 1 branch You collected 46 gold pieces.

Inventory:

Hand Weapons
 a - a +0 shortbow
 C - a +4 arbalest of freezing (weapon)
Armour
 r - +2 acid dragon scales (worn)
 E - a +1 cloak (worn)
Jewellery
 f - the amulet "Xioxkiot" (around neck) {Reflect rN++ Str+2 Dex+3 SH+5}
   (You found it in the Dungeon)

   [amulet of reflection]

   It reflects blocked missile attacks.
   Str:       It affects your strength (+2).
   Dex:       It affects your dexterity (+3).
   rN:        It greatly protects you from negative energy.
   SH:        It affects your SH (+5).
 u - the ring "Jiyfol" {rC+ MP+9 Str+4}
   (You found it in the Dungeon)

   [ring of magical power]

   Str:       It affects your strength (+4).
   rC:        It protects you from cold.
   MP:        It affects your magic capacity (+9).
 D - the ring of the Original Sin (right hand) {rC+ rN+ Slay+5}
   (You found it in the Dungeon)

   [ring of slaying]

   Slay:      It affects your accuracy & damage with ranged weapons and melee
   (+5).
   rC:        It protects you from cold.
   rN:        It protects you from negative energy.
 F - the ring "Qosm" {rC+ rN+}
   (You found it in the Dungeon)

   [ring of positive energy]

   rC:        It protects you from cold.
   rN:        It protects you from negative energy.
 G - the ring of Puoded {rElec rF+ rC++ rN+ SInv}
   (You found it in the Dungeon)

   [ring of see invisible]

   rF:        It protects you from fire.
   rC:        It greatly protects you from cold.
   rElec:     It insulates you from electricity.
   rN:        It protects you from negative energy.
   SInv:      It lets you see invisible.
 H - the ring "Umoweifa" {rPois rC+ rN+}
   (You found it in the Dungeon)

   [ring of poison resistance]

   rC:        It protects you from cold.
   rPois:     It protects you from poison.
   rN:        It protects you from negative energy.
 I - a +5 ring of slaying
 J - the ring "Loypiun" (left hand) {rF+ rN+ EV+6}
   (You found it in the Dungeon)

   [ring of evasion]

   EV:        It affects your evasion (+6).
   rF:        It protects you from fire.
   rN:        It protects you from negative energy.
Wands
 c - a wand of paralysis (6)
 y - a wand of flame (43)
 A - a wand of mindburst (21)
Scrolls
 b - a scroll of immolation
 i - 2 scrolls of fog
 k - 5 scrolls of amnesia
 l - a scroll of butterflies
 s - 4 scrolls of identify
 x - a scroll of fear
Potions
 d - 5 potions of curing
 e - 11 potions of heal wounds
 g - 8 potions of magic
 h - 6 potions of berserk rage
 j - 2 potions of invisibility
 o - 2 potions of brilliance
 p - a potion of might
 q - 7 potions of mutation
 t - a potion of resistance
 v - 7 potions of haste


   Skills:
 + Level 14.0 Fighting
 + Level 18.8 Ranged Weapons
 + Level 12.7 Armour
 + Level 22.9 Dodging
 - Level 13.0 Stealth
 * Level 24.2 Invocations


You had 13 spell levels left.
You didn't know any spells.
Your spell library contained the following spells:

 Spells                   Type           Power      Damage    Failure   Level
 Magic Dart               Conj           0%         1d3       50%         1
 Sandblast                Erth           0%         2d4       50%         1
 Sting                    Tmut/Pois      0%         1d3       50%         1
 Cigotuvi's Dreadful Rot  Necr/Pois/Air  0%         N/A       63%         2
 Ensorcelled Hibernation  Hex/Ice        0%         N/A       63%         2
 Lesser Beckoning         Tloc           0%         N/A       63%         2
 Passwall                 Tmut/Erth      0%         N/A       63%         2
 Searing Ray              Conj           0%         2d4       63%         2
 Static Discharge         Conj/Air       0%         2-2/arc   63%         2
 Call Canine Familiar     Summ           0%         N/A       86%         3
 Gell's Gravitas          Tloc           0%         N/A       86%         3
 Ignite Poison            Fire/Tmut/Pois 0%         N/A       86%         3
 Inner Flame              Hex/Fire       0%         N/A       86%         3
 Ozocubu's Armour         Ice            0%         N/A       86%         3
 Portal Projectile        Hex/Tloc       0%         N/A       86%         3
 Spider Form              Tmut/Pois      0%         N/A       86%         3
 Airstrike                Air            0%         2d(0-16)  99%         4
 Anguish                  Hex/Necr       0%         N/A       99%         4
 Cause Fear               Hex            0%         N/A       99%         4
 Flame Wave               Conj/Fire      0%         2d4       99%         4
 Fulminant Prism          Conj/Hex       0%         3d5       99%         4
 Leda's Liquefaction      Hex/Erth       0%         N/A       99%         4
 Passage of Golubria      Tloc           0%         N/A       99%         4
 Petrify                  Tmut/Erth      0%         N/A       99%         4
 Sticky Flame             Conj/Fire      0%         2d3       99%         4
 Summon Lightning Spire   Summ/Air       0%         N/A       99%         4
 Metabolic Englaciation   Hex/Ice        0%         N/A       100%        5
 Eringya's Noxious Bog    Tmut/Pois      0%         N/A       100%        6
 Plasma Beam              Fire/Air       0%         2x1d11    100%        6
 Statue Form              Tmut/Erth      0%         N/A       100%        6
 Enfeeble                 Hex            0%         N/A       100%        7
 Malign Gateway           Summ/Tloc      0%         N/A       100%        7
 Ozocubu's Refrigeration  Ice            0%         4d7       100%        7
 Summon Horrible Things   Summ           0%         N/A       100%        8
 Chain Lightning          Conj/Air       0%         N/A       100%        9
 Fire Storm               Conj/Fire      0%         5d1       100%        9
 Shatter                  Erth           0%         3d5*      100%        9


Dungeon Overview and Level Annotations

Branches:
Dungeon (1/1)

Altars:
Ashenzari
Cheibriados
Dithmenos
Elyvilon
Fedhas
Gozag
Hepliaklqana
Kikubaaqudgha
Makhleb
Nemelex Xobeh
Okawaru
Qazlal
Ru
Sif Muna
Trog
Uskayaw
Vehumet
Wu Jian
Xom
Yredelemnul
Zin
The Shining One
Jiyva
Lugonu


Innate Abilities, Weirdness & Mutations

You are very small and have problems with some larger weapons.
You are too small for most types of armour.
You have supernaturally acute eyesight. (SInv)
You cover ground extremely quickly. (Speed+++)


Message History

You add the spell Gell's Gravitas to your library.
You pick up a book of Flames and begin reading...
You add the spells Inner Flame, Sticky Flame and Flame Wave to your library.
You pick up a manual of Transmutations and begin studying.
Unknown command.
Unknown command.
You pick up a Grand Grimoire and begin reading...
You add the spells Malign Gateway and Summon Horrible Things to your library.
You pick up Xoroript's Octavo of Movement and the Gift and begin reading...
You add the spells Lesser Beckoning, Ignite Poison and Passage of Golubria to your library.
You pick up a book of Storms and begin reading...
You add the spells Static Discharge, Airstrike and Summon Lightning Spire to your library.
You pick up a book of Sloth and begin reading...
You add the spells Petrify and Statue Form to your library.
Things that are here:
a +0 mace; a white draconian corpse
Items here: ) [[ †.
Things that are here:
a +0 spear; a +0 robe You see here a +2 robe of positive energy.
There is a huge open gate to the Coven (Very Hard), spattered with blood here.
You see here a +0 long sword.
There is a huge open gate to the Coven (Very Hard) here.
You see here a +0 long sword.
You open the large door.
An orb of fire comes into view.
The orb of fire glows bright magenta.
The fireball explodes!
The fireball engulfs you! You resist.
You hear a sizzling sound!
The orb of fire glows yellow.
The fireball explodes!
The fireball engulfs you!! You resist.
Unknown command.
The orb of fire glows red.
The fireball explodes!
The fireball engulfs you!! You resist.
You feel protected from fire.
* * * LOW HITPOINT WARNING * * *
You hear a sizzling sound!
The orb of fire emits a lurid red light.
The fireball explodes!
The fireball engulfs you!! You resist.
You die...

#+# #.# #*#
################'#
............[..§.#
...[...)...)...°.#
'##############..#
...#.[[[#[[#[[#.@#
...##''##[[#[[#..#
...#....#.....#).#
.###....####..#..#
...........'..#..#
........####..#.)#
..####..#.....#).#
..#..#..#[[#[[#).#
.##..'..#.[#[[#..#


You could see an orb of fire.

Vanquished Creatures
  Boris (D)
  A deep elf blademaster (D)
  A lich (D)
  Frances (D)
  A death cob (D)
  Ilsuiw (D)
  A draconian monk (D)
  A nagaraja (D)
  A ghost moth (D)
  2 deep elf sorcerers (D)
  2 orc warlords (D)
  A draconian stormcaller (D)
  A war gargoyle (D)
  A spriggan defender (D)
  A vampire knight (D)
  A green draconian (D)
  4 deep elf demonologists (D)
  An ophan (D)
  A minotaur (D)
  A white draconian (D)
  A lorocyproca (D)
  A deep elf death mage (D)
  Snorg (D)
  An eidolon (D)
  A merfolk javelineer (D)
  A deep elf high priest (D)
  A yaktaur captain (D)
  A vault guard (D)
  A spriggan air mage (D)
  2 ogre magi (D)
  An ice dragon (D)
  2 two-headed ogres (D)
  A merfolk avatar (D)
  An alligator snapping turtle (D)
  2 naga warriors (D)
  A vampire mage (D)
  Nergalle (D)
  A sun demon (D)
  2 soul eaters (D)
  3 deep elf knights (D)
  A sixfirhy (D)
  A sea snake (D)
  2 cherubim (D)
  A shadow wraith (D)
  A flayed ghost (D)
  2 bog bodies (D)
  A phantasmal warrior (D)
  3 deep elf pyromancers (D)
  14 orc knights (D)
  3 orc sorcerers (D)
  A merfolk siren (D)
  2 demonic crawlers (D)
  3 naga magi (D)
  A smoke demon (D)
  An eye of devastation (D)
  An orange demon (D)
  Maurice (D)
  A molten gargoyle (D)
  A cane toad (D)
  4 yaktaurs (D)
  2 freezing wraiths (D)
  An efreet (D)
  2 guardian mummies (D)
  An ice devil (D)
  A hornet (D)
  A merfolk (D)
  A tarantella (D)
  A red devil (D)
  A snapping turtle (D)
  4 dream sheep (D)
  A jumping spider (D)
  2 air elementals (D)
  4 spriggans (D)
  7 yaks (D)
  A vampire (D)
  A wraith (D)
  A ynoxinul (D)
  2 chaos spawn (D)
  3 redbacks (D)
  2 orc warriors (D)
  Pargi (D)
  A floating eye (D)
  A sky beast (D)
  A swamp drake (D)
  6 wolves (D)
  3 ogres (D)
  A centaur (D)
  An earth elemental (D)
  A gnoll sergeant (D)
  3 scorpions (D)
  3 killer bees (D)
  A crimson imp (D)
  A quasit (D)
  An orc priest (D)
  Jessica (D)
  3 orc wizards (D)
  2 hell rats (D)
  A mummy (D)
  A gnoll (D)
  A river rat (D)
  A white imp (D)
  3 ufetubi (D)
  An adder zombie (D)
  An adder skeleton (D)
  3 orcs (D)
  A bat zombie (D)
  An endoplasm (D)
  2 goblins (D)
  A hobgoblin (D)
  4 jackals (D)
  A kobold (D)
  A ball python (D)
  A ball python simulacrum (D)
  A ball python skeleton (D)
  A quokka skeleton (D)
192 creatures vanquished.

Vanquished Creatures (others)
  An orc wizard (D)
1 creature vanquished.

Grand Total: 193 creatures vanquished

Notes
Turn   | Place    | Note
-------+----------+-------------------------------------------
     0 | D        | Groucho the Spriggan Hunter began the quest for the Orb.
     0 | D        | Reached XP level 1. HP: 10/10 MP: 2/2
    10 | D        | Noticed a scorpion
    40 | D        | Killed a scorpion
    41 | D        | Reached skill level 5 in Dodging
    41 | D        | Reached skill level 5 in Stealth
    41 | D        | Reached XP level 2. HP: 14/14 MP: 3/3
    41 | D        | Reached XP level 3. HP: 18/18 MP: 4/4
   466 | D        | Found a bloodstained altar of Trog.
   466 | D        | Found a shimmering blue altar of Sif Muna.
   466 | D        | Found a viscous altar of Jiyva.
   466 | D        | Found a hazy altar of Hepliaklqana.
   466 | D        | Found an opulent altar of Gozag.
   467 | D        | Found a glowing golden altar of the Shining One.
   467 | D        | Found a glowing silver altar of Zin.
   467 | D        | Found a basalt altar of Yredelemnul.
   467 | D        | Found a shimmering altar of Xom.
   467 | D        | Found an ornate altar of the Wu Jian Council.
   467 | D        | Found a sacrificial altar of Ru.
   467 | D        | Found a stormy altar of Qazlal.
   467 | D        | Found an iron altar of Okawaru.
   467 | D        | Found a sparkling altar of Nemelex Xobeh.
   467 | D        | Found a burning altar of Makhleb.
   467 | D        | Found a blossoming altar of Fedhas.
   467 | D        | Found a white marble altar of Elyvilon.
   467 | D        | Found a shadowy altar of Dithmenos.
   467 | D        | Found a snail-covered altar of Cheibriados.
   469 | D        | Found a radiant altar of Vehumet.
   469 | D        | Found a corrupted altar of Lugonu.
   470 | D        | Found a hide-covered altar of Uskayaw.
   470 | D        | Found an ancient bone altar of Kikubaaqudgha.
   470 | D        | Found a broken altar of Ashenzari.
   473 | D        | Became a worshipper of Qazlal Stormbringer
   522 | D        | Reached * piety under Qazlal
   923 | D        | Reached ** piety under Qazlal
   924 | D        | Reached skill level 1 in Invocations
   924 | D        | Reached XP level 4. HP: 22/22 MP: 5/5
   946 | D        | Noticed Jessica
   953 | D        | Killed Jessica
   954 | D        | Reached skill level 2 in Invocations
  1133 | D        | Reached skill level 3 in Invocations
  1242 | D        | Reached *** piety under Qazlal
  1248 | D        | Reached XP level 5. HP: 25/25 MP: 8/8
  1273 | D        | Reached skill level 4 in Invocations
  1288 | D        | Reached **** piety under Qazlal
  1651 | D        | Reached skill level 5 in Invocations
  1711 | D        | Reached XP level 6. HP: 30/30 MP: 9/11
  1756 | D        | Noticed a spriggan
  1827 | D        | Killed a spriggan
  1828 | D        | Reached skill level 10 in Stealth
  1828 | D        | Reached skill level 7 in Invocations
  2171 | D        | Reached ***** piety under Qazlal
  2184 | D        | Reached skill level 8 in Invocations
  2184 | D        | Reached XP level 7. HP: 32/33 MP: 12/14
  2878 | D        | Noticed a freezing wraith
  2903 | D        | Reached skill level 10 in Dodging
  2903 | D        | Reached skill level 9 in Invocations
  2924 | D        | Killed a freezing wraith
  2925 | D        | Reached skill level 10 in Ranged Weapons
  3206 | D        | Noticed a freezing wraith
  3271 | D        | Killed a freezing wraith
  3272 | D        | Reached skill level 10 in Invocations
  3272 | D        | Reached XP level 8. HP: 37/37 MP: 16/16
  3332 | D        | Noticed an orc knight
  3332 | D        | Noticed an orc sorcerer
  3334 | D        | Reached skill level 1 in Armour
  3334 | D        | Killed an orc sorcerer
  3335 | D        | Reached skill level 11 in Invocations
  3339 | D        | Noticed a bog body
  3346 | D        | HP: 1/40 [bog body/bolt of cold (39)]
  3351 | D        | Killed a bog body
  3352 | D        | Reached skill level 12 in Invocations
  3352 | D        | Reached XP level 9. HP: 45/45 MP: 4/19
  3498 | D        | Killed an orc knight
  4110 | D        | Noticed a cane toad
  4113 | D        | Killed a cane toad
  4325 | D        | Noticed Pargi
  4327 | D        | Reached skill level 5 in Fighting
  4327 | D        | Reached skill level 13 in Invocations
  4327 | D        | Killed Pargi
  4327 | D        | Reached ****** piety under Qazlal
  4328 | D        | Reached XP level 10. HP: 51/51 MP: 13/21
  4688 | D        | Noticed an orc sorcerer
  4692 | D        | Noticed a phantasmal warrior
  4695 | D        | Killed an orc sorcerer
  4700 | D        | Killed a phantasmal warrior
  4701 | D        | Reached skill level 5 in Armour
  4701 | D        | Reached skill level 14 in Invocations
  4907 | D        | Noticed a death cob
  4912 | D        | Killed a death cob
  4912 | D        | Noticed a shadow wraith
  4912 | D        | Noticed a vampire knight
  4913 | D        | Killed a shadow wraith
  4915 | D        | Reached skill level 15 in Invocations
  4916 | D        | Reached skill level 15 in Dodging
  4926 | D        | Killed a vampire knight
  4927 | D        | Reached XP level 11. HP: 33/58 MP: 11/23
  5496 | D        | Noticed an orc sorcerer
  5518 | D        | Killed an orc sorcerer
  6072 | D        | Noticed a bog body
  6086 | D        | Killed a bog body
  6174 | D        | Noticed Maurice
  6179 | D        | Reached skill level 16 in Invocations
  6179 | D        | Killed Maurice
  6918 | D        | Noticed a sun demon
  6920 | D        | Killed a sun demon
  6921 | D        | Noticed a sixfirhy
  6928 | D        | Killed a sixfirhy
  7314 | D        | Noticed Frances
  7321 | D        | Killed Frances
  7322 | D        | Reached skill level 17 in Invocations
  7720 | D        | Noticed Nergalle
  7737 | D        | Noticed a flayed ghost
  7762 | D        | Killed Nergalle
  7762 | D        | Killed a flayed ghost
  8202 | D        | Noticed an orc knight
  8202 | D        | Noticed an orc knight
  8202 | D        | Noticed an orc knight
  8202 | D        | Noticed an orc knight
  8202 | D        | Noticed an orc knight
  8203 | D        | Noticed an orc warlord
  8203 | D        | Noticed an orc warlord
  8265 | D        | Killed an orc knight
  8265 | D        | Killed an orc knight
  8266 | D        | Reached XP level 12. HP: 58/66 MP: 21/25
  8268 | D        | Killed an orc warlord
  8270 | D        | Killed an orc warlord
  8271 | D        | Reached skill level 18 in Invocations
  8486 | D        | Noticed Snorg
  8571 | D        | Killed Snorg
  8572 | D        | Reached skill level 15 in Ranged Weapons
  8623 | D        | Noticed an eidolon
  8623 | D        | Noticed a yaktaur captain
  8638 | D        | Killed a yaktaur captain
  8657 | D        | Killed an eidolon
  8658 | D        | Reached skill level 10 in Fighting
  8665 | D        | Reached skill level 19 in Invocations
  8903 | D        | Noticed a naga warrior
  8910 | D        | Killed a naga warrior
  9575 | D        | Reached XP level 13. HP: 73/73 MP: 27/27
  9621 | D        | Reached skill level 20 in Invocations
 10512 | D        | Reached skill level 10 in Armour
 10929 | D        | Reached skill level 21 in Invocations
 10942 | D        | Noticed Ilsuiw
 10948 | D        | Noticed a merfolk javelineer
 10956 | D        | Killed a merfolk javelineer
 10957 | D        | Killed Ilsuiw
 11197 | D        | Noticed a minotaur
 11213 | D        | Noticed a nagaraja
 11217 | D        | Killed a minotaur
 11226 | D        | Killed a nagaraja
 11340 | D        | Noticed a ghost moth
 11343 | D        | Killed a ghost moth
 11344 | D        | Reached skill level 22 in Invocations
 11794 | D        | Noticed a lorocyproca
 11806 | D        | Killed a lorocyproca
 11807 | D        | Reached XP level 14. HP: 81/81 MP: 30/30
 11938 | D        | Noticed a war gargoyle
 11938 | D        | Noticed an ophan
 12005 | D        | Killed a war gargoyle
 12343 | D        | Killed an ophan
 12543 | D        | Noticed a green draconian monk
 12559 | D        | Killed a green draconian monk
 12905 | D        | Reached skill level 23 in Invocations
 12948 | D        | Noticed a deep elf sorcerer
 12951 | D        | Killed a deep elf sorcerer
 12955 | D        | Noticed a white draconian stormcaller
 12961 | D        | Noticed an Executioner
 12961 | D        | Killed a white draconian stormcaller
 12961 | D        | Noticed a deep elf sorcerer
 12963 | D        | Killed a deep elf sorcerer
 12965 | D        | Noticed Boris
 13245 | D        | Killed Boris
 13265 | D        | Noticed a lich
 13276 | D        | Killed a lich
 13280 | D        | Reached skill level 24 in Invocations
 13685 | D        | Noticed a deep elf blademaster
 13690 | D        | Noticed a spriggan defender
 13694 | D        | Killed a deep elf blademaster
 13694 | D        | Killed a spriggan defender
 13766 | D        | Got the amulet "Femporug" {Acrobat rElec Regen+ Int+7
                  | Slay-3}
 13769 | D        | Got the amulet "Dimoujah" {Spirit rN+}
 13773 | D        | Got the amulet of Cab Qoa {Will++ Regen+}
 13776 | D        | Got the amulet "Xioxkiot" {Reflect rN++ Str+2 Dex+3 SH+5}
 13778 | D        | Got the amulet "Nuofev" {rC++ Regen+ Str-3 Dex+2}
 13781 | D        | Got the ring "Jiyfol" {rC+ MP+9 Str+4}
 13784 | D        | Got the ring of Doubt {Will+ Str+3 Dex+2 Stlth-}
 13787 | D        | Got the amulet "Henoseac" {Spirit Str+4}
 13790 | D        | Got the ring of the Original Sin {rC+ rN+ Slay+5}
 13792 | D        | Got the amulet "Demis" {Reflect rF++ Int+2 Dex-5 SH+5}
 13795 | D        | Got the amulet "Cifunloa" {Spirit Regen+ Int-3 Dex-4
                  | Slay+5}
 13798 | D        | Got the amulet of Ashenzari's Generosity {rPois rC+ Regen+
                  | Str-2}
 13802 | D        | Got the amulet of Wu Jian's Outrage {RegenMP Stlth+}
 13805 | D        | Got the amulet of Juwnuan {rElec rF+ Regen+ Str-2 Slay+3}
 13827 | D        | Got the ring "Qosm" {rC+ rN+}
 13829 | D        | Got the ring "Jueps" {Fly rElec rF+ Will- Str+6}
 13832 | D        | Got the ring of Ru's Hope {+Blink rN+ Int-3 Dex+3}
 13835 | D        | Got the ring "Biaxang" {EV+6 Str+4 Int-5}
 13838 | D        | Got the ring of Ipnaurche {Drain +Blink Str+6 Dex+3}
 13841 | D        | Got the ring "Hoasoxt" {Ice Int+3}
 13844 | D        | Got the ring "Koptae" {rPois rF++ Int+6}
 13847 | D        | Got the ring of Qiaphece {rC+ Str+6}
 13850 | D        | Got the ring "Raxu" {rC+ Str+5 Slay-3}
 13856 | D        | Got the ring of Puoded {rElec rF+ rC++ rN+ SInv}
 13860 | D        | Got the ring "Umoweifa" {rPois rC+ rN+}
 13865 | D        | Got the ring "Loypiun" {rF+ rN+ EV+6}
 13890 | D        | Got the Monograph on Floating Bad Luck
 13902 | D        | Got the Excursus on Septic Cleavage
 13911 | D        | Got Kauwiff's Directory of Icy Orientation
 13920 | D        | Got Xoroript's Octavo of Movement and the Gift
 13961 | D        | Noticed an orb of fire
 13964 | D        | Killed from afar by an orb of fire

Illustrated notes

Levels and vault maps discovered:
D:        pitsprint [storerooms_1, entrance_room_1, metal_vault_6, armoury_1,
          mini_pit_1, grid_room_1, main_hall_1, silver_pit, the_coven_1,
          the_vestibule_1, steel_vault_1, golden_pit, hallway_of_sentries,
          crystal_vault_5, iron_vault_4, final_vault]

Skill      XL: |  1  2  3  4  5  6  7  8  9 10 11 12 13 14 |
---------------+-------------------------------------------+-----
Ranged Weapons | 6 7 8 9 10 11 13 14 15 17 18 | 18.8
Dodging        | 5 6 8 9 11 12 13 15 17 19 21 22 | 22.9
Stealth        | 5 6 7 9 10 12 13 | 13.0
Invocations    | 1 3 5 8 10 12 13 15 17 19 22 24 | 24.2
Fighting       | 3 5 7 9 10 12 14 | 14.0
Armour         | 2 4 6 8 9 11 12 | 12.7

Action                     |  1- 3 |  4- 6 |  7- 9 | 10-12 | 13-15 || total
---------------------------+-------+-------+-------+-------+-------++-------
   Fire: Shortbow          |    23 |   103 |   111 |   259 |       ||   496
         Arbalest          |       |       |       |    46 |   213 ||   259
 Invoke: Upheaval          |       |       |    14 |    46 |    45 ||   105
         Disaster Area     |       |       |     1 |     2 |       ||     3
    Use: Potion            |       |     4 |     3 |     2 |     6 ||    15
         Scroll            |       |       |     1 |       |     3 ||     4
 Armour: Robe              |     1 |     2 |     2 |       |       ||     5
         Acid dragon scale |       |       |       |       |     5 ||     5
  Dodge: Dodged            |    13 |    25 |    37 |    81 |    95 ||   251
         Repelled          |       |     1 |       |     1 |     4 ||     6
  Block: Other             |       |     4 |    12 |    20 |    20 ||    56
